[gd_scene load_steps=35 format=3 uid="uid://6metfcfc7ok3"]

[ext_resource type="Script" path="res://characters/enemy_base/enemy_character.gd" id="1_24774"]
[ext_resource type="Texture2D" uid="uid://dxqgtiwp2lu3n" path="res://characters/enemy/mushroom_enemy/enemy4.png" id="2_7eq24"]

[sub_resource type="AtlasTexture" id="AtlasTexture_j30ry"]
atlas = ExtResource("2_7eq24")
region = Rect2(15, 103, 17, 17)

[sub_resource type="AtlasTexture" id="AtlasTexture_o3jxx"]
atlas = ExtResource("2_7eq24")
region = Rect2(33, 103, 17, 17)

[sub_resource type="AtlasTexture" id="AtlasTexture_mebas"]
atlas = ExtResource("2_7eq24")
region = Rect2(51, 103, 17, 17)

[sub_resource type="AtlasTexture" id="AtlasTexture_xsyj6"]
atlas = ExtResource("2_7eq24")
region = Rect2(15, 13, 17, 17)

[sub_resource type="AtlasTexture" id="AtlasTexture_uskli"]
atlas = ExtResource("2_7eq24")
region = Rect2(33, 13, 17, 17)

[sub_resource type="AtlasTexture" id="AtlasTexture_5ku7d"]
atlas = ExtResource("2_7eq24")
region = Rect2(51, 13, 17, 17)

[sub_resource type="AtlasTexture" id="AtlasTexture_7nfqw"]
atlas = ExtResource("2_7eq24")
region = Rect2(69, 13, 17, 17)

[sub_resource type="AtlasTexture" id="AtlasTexture_rraqr"]
atlas = ExtResource("2_7eq24")
region = Rect2(87, 13, 17, 17)

[sub_resource type="AtlasTexture" id="AtlasTexture_4n14b"]
atlas = ExtResource("2_7eq24")
region = Rect2(105, 13, 17, 17)

[sub_resource type="AtlasTexture" id="AtlasTexture_cr2ww"]
atlas = ExtResource("2_7eq24")
region = Rect2(123, 13, 17, 17)

[sub_resource type="AtlasTexture" id="AtlasTexture_v7362"]
atlas = ExtResource("2_7eq24")
region = Rect2(15, 49, 17, 17)

[sub_resource type="AtlasTexture" id="AtlasTexture_snrag"]
atlas = ExtResource("2_7eq24")
region = Rect2(33, 49, 17, 17)

[sub_resource type="AtlasTexture" id="AtlasTexture_s1tat"]
atlas = ExtResource("2_7eq24")
region = Rect2(51, 49, 17, 17)

[sub_resource type="AtlasTexture" id="AtlasTexture_qxkp3"]
atlas = ExtResource("2_7eq24")
region = Rect2(69, 49, 17, 17)

[sub_resource type="AtlasTexture" id="AtlasTexture_xs0vo"]
atlas = ExtResource("2_7eq24")
region = Rect2(87, 49, 17, 17)

[sub_resource type="AtlasTexture" id="AtlasTexture_de3a3"]
atlas = ExtResource("2_7eq24")
region = Rect2(105, 49, 17, 17)

[sub_resource type="AtlasTexture" id="AtlasTexture_pjpl5"]
atlas = ExtResource("2_7eq24")
region = Rect2(123, 49, 17, 17)

[sub_resource type="AtlasTexture" id="AtlasTexture_iw038"]
atlas = ExtResource("2_7eq24")
region = Rect2(15, 31, 17, 17)

[sub_resource type="AtlasTexture" id="AtlasTexture_5v5x8"]
atlas = ExtResource("2_7eq24")
region = Rect2(33, 31, 17, 17)

[sub_resource type="AtlasTexture" id="AtlasTexture_2fjxm"]
atlas = ExtResource("2_7eq24")
region = Rect2(51, 31, 17, 17)

[sub_resource type="AtlasTexture" id="AtlasTexture_gi6f6"]
atlas = ExtResource("2_7eq24")
region = Rect2(69, 31, 17, 17)

[sub_resource type="AtlasTexture" id="AtlasTexture_28cfk"]
atlas = ExtResource("2_7eq24")
region = Rect2(87, 31, 17, 17)

[sub_resource type="AtlasTexture" id="AtlasTexture_c166l"]
atlas = ExtResource("2_7eq24")
region = Rect2(105, 31, 17, 17)

[sub_resource type="AtlasTexture" id="AtlasTexture_abuoc"]
atlas = ExtResource("2_7eq24")
region = Rect2(123, 31, 17, 17)

[sub_resource type="AtlasTexture" id="AtlasTexture_pngwd"]
atlas = ExtResource("2_7eq24")
region = Rect2(15, 67, 17, 17)

[sub_resource type="AtlasTexture" id="AtlasTexture_220l6"]
atlas = ExtResource("2_7eq24")
region = Rect2(33, 67, 17, 17)

[sub_resource type="AtlasTexture" id="AtlasTexture_7gpit"]
atlas = ExtResource("2_7eq24")
region = Rect2(51, 67, 17, 17)

[sub_resource type="AtlasTexture" id="AtlasTexture_dj1ck"]
atlas = ExtResource("2_7eq24")
region = Rect2(69, 67, 17, 17)

[sub_resource type="AtlasTexture" id="AtlasTexture_u6xj1"]
atlas = ExtResource("2_7eq24")
region = Rect2(87, 67, 17, 17)

[sub_resource type="AtlasTexture" id="AtlasTexture_i4xfj"]
atlas = ExtResource("2_7eq24")
region = Rect2(105, 67, 17, 17)

[sub_resource type="AtlasTexture" id="AtlasTexture_tnmmv"]
atlas = ExtResource("2_7eq24")
region = Rect2(123, 67, 17, 17)

[sub_resource type="SpriteFrames" id="SpriteFrames_fy07h"]
animations = [{
"frames": [{
"duration": 1.0,
"texture": SubResource("AtlasTexture_j30ry")
}, {
"duration": 1.0,
"texture": SubResource("AtlasTexture_o3jxx")
}, {
"duration": 1.0,
"texture": SubResource("AtlasTexture_mebas")
}],
"loop": false,
"name": &"Death",
"speed": 3.0
}, {
"frames": [{
"duration": 0.5,
"texture": SubResource("AtlasTexture_xsyj6")
}, {
"duration": 1.0,
"texture": SubResource("AtlasTexture_uskli")
}, {
"duration": 1.0,
"texture": SubResource("AtlasTexture_5ku7d")
}, {
"duration": 1.0,
"texture": SubResource("AtlasTexture_7nfqw")
}, {
"duration": 1.0,
"texture": SubResource("AtlasTexture_rraqr")
}, {
"duration": 1.0,
"texture": SubResource("AtlasTexture_4n14b")
}, {
"duration": 1.0,
"texture": SubResource("AtlasTexture_cr2ww")
}, {
"duration": 1.0,
"texture": SubResource("AtlasTexture_4n14b")
}, {
"duration": 1.0,
"texture": SubResource("AtlasTexture_rraqr")
}, {
"duration": 1.0,
"texture": SubResource("AtlasTexture_7nfqw")
}, {
"duration": 1.0,
"texture": SubResource("AtlasTexture_5ku7d")
}, {
"duration": 1.0,
"texture": SubResource("AtlasTexture_uskli")
}, {
"duration": 0.5,
"texture": SubResource("AtlasTexture_xsyj6")
}],
"loop": true,
"name": &"WanderingDown",
"speed": 9.0
}, {
"frames": [{
"duration": 0.5,
"texture": SubResource("AtlasTexture_v7362")
}, {
"duration": 1.0,
"texture": SubResource("AtlasTexture_snrag")
}, {
"duration": 1.0,
"texture": SubResource("AtlasTexture_s1tat")
}, {
"duration": 1.0,
"texture": SubResource("AtlasTexture_qxkp3")
}, {
"duration": 1.0,
"texture": SubResource("AtlasTexture_xs0vo")
}, {
"duration": 1.0,
"texture": SubResource("AtlasTexture_de3a3")
}, {
"duration": 1.0,
"texture": SubResource("AtlasTexture_pjpl5")
}, {
"duration": 1.0,
"texture": SubResource("AtlasTexture_de3a3")
}, {
"duration": 1.0,
"texture": SubResource("AtlasTexture_xs0vo")
}, {
"duration": 1.0,
"texture": SubResource("AtlasTexture_qxkp3")
}, {
"duration": 1.0,
"texture": SubResource("AtlasTexture_s1tat")
}, {
"duration": 1.0,
"texture": SubResource("AtlasTexture_snrag")
}, {
"duration": 0.5,
"texture": SubResource("AtlasTexture_v7362")
}],
"loop": true,
"name": &"WanderingLeft",
"speed": 9.0
}, {
"frames": [{
"duration": 0.5,
"texture": SubResource("AtlasTexture_iw038")
}, {
"duration": 1.0,
"texture": SubResource("AtlasTexture_5v5x8")
}, {
"duration": 1.0,
"texture": SubResource("AtlasTexture_2fjxm")
}, {
"duration": 1.0,
"texture": SubResource("AtlasTexture_gi6f6")
}, {
"duration": 1.0,
"texture": SubResource("AtlasTexture_28cfk")
}, {
"duration": 1.0,
"texture": SubResource("AtlasTexture_c166l")
}, {
"duration": 1.0,
"texture": SubResource("AtlasTexture_abuoc")
}, {
"duration": 1.0,
"texture": SubResource("AtlasTexture_c166l")
}, {
"duration": 1.0,
"texture": SubResource("AtlasTexture_28cfk")
}, {
"duration": 1.0,
"texture": SubResource("AtlasTexture_gi6f6")
}, {
"duration": 1.0,
"texture": SubResource("AtlasTexture_2fjxm")
}, {
"duration": 1.0,
"texture": SubResource("AtlasTexture_5v5x8")
}, {
"duration": 0.5,
"texture": SubResource("AtlasTexture_iw038")
}],
"loop": true,
"name": &"WanderingRight",
"speed": 9.0
}, {
"frames": [{
"duration": 0.5,
"texture": SubResource("AtlasTexture_pngwd")
}, {
"duration": 1.0,
"texture": SubResource("AtlasTexture_220l6")
}, {
"duration": 1.0,
"texture": SubResource("AtlasTexture_7gpit")
}, {
"duration": 1.0,
"texture": SubResource("AtlasTexture_dj1ck")
}, {
"duration": 1.0,
"texture": SubResource("AtlasTexture_u6xj1")
}, {
"duration": 1.0,
"texture": SubResource("AtlasTexture_i4xfj")
}, {
"duration": 1.0,
"texture": SubResource("AtlasTexture_tnmmv")
}, {
"duration": 1.0,
"texture": SubResource("AtlasTexture_i4xfj")
}, {
"duration": 1.0,
"texture": SubResource("AtlasTexture_u6xj1")
}, {
"duration": 1.0,
"texture": SubResource("AtlasTexture_dj1ck")
}, {
"duration": 1.0,
"texture": SubResource("AtlasTexture_7gpit")
}, {
"duration": 1.0,
"texture": SubResource("AtlasTexture_220l6")
}, {
"duration": 0.5,
"texture": SubResource("AtlasTexture_pngwd")
}],
"loop": true,
"name": &"WanderingUp",
"speed": 9.0
}]

[node name="mushroom_enemy" type="CharacterBody2D"]
script = ExtResource("1_24774")

[node name="AnimatedSprite2D" type="AnimatedSprite2D" parent="."]
sprite_frames = SubResource("SpriteFrames_fy07h")
animation = &"Death"
frame = 2
frame_progress = 1.0
